AoeStats
← CazadorGT

Arabia

506720437Analyzed
3v3 RM · 19d ago on Sep 14, 2026· 60m 12s· 6 players
Game mode
Random Map
Map size
Normal (6 player)
Population
200
Speed
Normal
Resources
Standard
Victory
Conquest
Starting age
Dark Age
Ending age
Imperial Age
RankedLock teamsTeams togetherTeam positionsShared explorationLock speedFull tech treeHidden civsTurbo modeCheats
Victory
Defeat
🇩🇪 Ethiopians · Germany
1292
+13
🇪🇸 Maya · Spain
1280
+14
🇵🇪 Franks · Peru
1267
+14
🇬🇹 Vietnamese · Guatemala
1345
-18
🇨🇴 Persians · Colombia
1235
-14
🇬🇹 Ethiopians · Guatemala
1100
-9
ruizcanela
0:25 Loom
10:35 Feudal Age
11:30 Double-Bit Axe
16:04 Fletching
20:09 Padded Archer Armor
25:35 Castle Age
26:08 Gold Mining
26:01 Horse Collar
26:25 Crossbowman
27:11 Bodkin Arrow
29:15 Leather Archer Armor
31:56 Thumb Ring
34:55 Wheelbarrow
41:06 Elite Skirmisher
44:29 Ballistics
45:17 Hand Cart
48:15 Imperial Age
47:23 Bow Saw
47:40 Hul'che Javelineers
48:58 Bracer
49:28 Ring Archer Armor
49:46 Ring Archer Armor
49:57 Conscription
49:59 Pikeman
50:40 Squires
51:46 Chemistry
51:04 Scale Mail Armor
51:15 Forging
52:19 Halberdier
53:15 Chain Mail Armor
55:50 Plate Mail Armor
58:15 Iron Casting
CharlesPK
9:48 Feudal Age
9:38 Loom
10:24 Double-Bit Axe
15:25 Scale Barding Armor
16:45 Forging
17:48 Town Watch
19:07 Wheelbarrow
22:51 Castle Age
22:26 Gold Mining
23:49 Husbandry
23:21 Light Cavalry
25:50 Bow Saw
26:39 Gold Shaft Mining
27:04 Chain Barding Armor
31:52 Hand Cart
33:52 Iron Casting
38:09 Stone Mining
44:50 Imperial Age
43:20 Town Patrol
44:54 Cavalier
46:18 Plate Barding Armor
47:24 Blast Furnace
46:59 Conscription
46:40 Paladin
57:36 Chivalry
59:11 Squires
58:57 Arson
WiLSoN
6:17 Loom
9:02 Feudal Age
14:02 Double-Bit Axe
19:12 Horse Collar
19:43 Fletching
20:33 Padded Archer Armor
24:55 Castle Age
23:44 Gold Mining
25:45 Wheelbarrow
24:59 Crossbowman
25:36 Bodkin Arrow
25:35 Town Watch
26:25 Thumb Ring
28:07 Leather Archer Armor
32:03 Ballistics
40:39 Imperial Age
41:16 Town Patrol
41:35 Hand Cart
41:17 Arbalester
41:58 Bracer
44:04 Chemistry
44:19 Ring Archer Armor
45:04 Conscription
48:37 Gold Shaft Mining
47:54 Stone Mining
49:24 Murder Holes
51:31 Siege Engineers
55:46 Scale Mail Armor
58:08 Chain Mail Armor
58:04 Forging
58:32 Elite Skirmisher
CazadorGT
7:31 Loom
9:45 Feudal Age
12:31 Fletching
12:49 Double-Bit Axe
14:59 Padded Archer Armor
19:16 Horse Collar
25:42 Castle Age
23:45 Gold Mining
25:48 Crossbowman
26:24 Bodkin Arrow
27:19 Leather Archer Armor
40:07 Ballistics
45:41 Imperial Age
47:58 Wheelbarrow
47:47 Bracer
48:36 Ring Archer Armor
48:57 Town Watch
50:33 Heavy Plow
52:24 Arbalester
55:11 Chemistry
55:14 Conscription
59:48 Bow Saw
Juan_DavidMLL
5:53 Loom
9:01 Feudal Age
9:41 Double-Bit Axe
9:39 Horse Collar
18:37 Bloodlines
19:18 Wheelbarrow
19:57 Forging
19:59 Scale Barding Armor
22:48 Castle Age
21:37 Forging
23:30 Bow Saw
24:08 Chain Barding Armor
25:07 Husbandry
25:55 Heavy Plow
25:47 Gold Mining
26:46 Iron Casting
29:34 Hand Cart
32:06 Town Watch
39:33 Imperial Age
39:56 Cavalier
42:10 Plate Barding Armor
42:38 Gold Shaft Mining
43:44 Blast Furnace
43:00 Savar
46:10 Fletching
49:09 Two-Man Saw
48:40 Crop Rotation
49:49 Light Cavalry
50:44 Hussar
53:00 Town Patrol
52:53 Stone Mining
59:29 Caravan
[XEVER]_AlarconFalcon
7:17 Loom
10:14 Feudal Age
11:04 Double-Bit Axe
12:43 Fletching
26:34 Castle Age
24:59 Padded Archer Armor
26:08 Gold Mining
26:00 Horse Collar
27:13 Crossbowman
28:08 Bodkin Arrow
28:28 Leather Archer Armor
34:37 Wheelbarrow
35:19 Bow Saw
38:33 Stone Mining
39:44 Heavy Plow
43:54 Stone Shaft Mining
48:27 Imperial Age
49:00 Thumb Ring
48:38 Arbalester
49:28 Thumb Ring
50:29 Chemistry
52:01 Two-Man Saw
52:47 Paper Money
53:50 Ballistics
54:30 Pikeman
55:12 Scale Mail Armor
55:22 Forging
56:07 Crop Rotation
55:52 Halberdier
57:10 Chain Mail Armor
57:30 Iron Casting
Connection lost

Rejoining the realm…

Still unreachable

The connection could not be restored.

Session expired

The server has moved on; the page needs a fresh start.